 Dungeon Crawl Stone Soup version 0.31-a0-986-g5e6e4ef867 (webtiles) character file.

Game seed: 8804490887194982013

219772 Armakuni the Basher (level 19, -1/140 HPs)
             Began as a Human Reaver on Oct 30, 2023.
             Was the Champion of Vehumet.
             Shot with a sling bullet by a faun (3 damage)
             ... on level 3 of the Shoals on Nov 3, 2023.
             The game lasted 01:59:11 (35449 turns).

Armakuni the Basher (Human Reaver)                 Turns: 35449, Time: 01:59:11

Health: -1/140     AC: 22    Str: 17    XL:     19   Next: 91%
Magic:  36/36      EV: 12    Int: 30    God:    Vehumet [******]
Gold:   1029       SH:  9    Dex: 13    Spells: 9/45 levels left

rFire   + . .        a - staff of conjuration
rCold   + . .        z - +3 buckler
rNeg    . . .        B - +3 swamp dragon scales
rPois   +            e - +2 helmet {SInv}
rElec   +            l - scarf {rC+ rF+}
rCorr   .            p - +1 pair of gloves
SInv    +            i - +2 pair of boots
Will    .....        M - amulet of magic regeneration
Stlth   +            E - ring of the Unicorn {rElec Int+6}
HPRegen 0.43/turn    L - +6 ring of intelligence
MPRegen 0.65/turn

%: no passive effects
@: weak-willed, spiked, mesmerised, very slow
A: thin skeletal structure 1, inability to read after injury 1
}: 1/15 runes: gossamer
a: Renounce Religion


You were on level 3 of the Shoals.
You worshipped Vehumet.
Vehumet was exalted by your worship.
You visited 6 branches of the dungeon, and saw 29 of its levels.

You collected 3184 gold pieces.
You spent 2155 gold pieces at shops.

Inventory:

Hand Weapons
 b - a +5 morningstar of protection
 C - a +2 broad axe of draining
Missiles
 v - 3 throwing nets
Armour
 e - a +2 helmet of see invisible (worn)
 i - a +2 pair of boots (worn)
 l - a scarf of resistance (worn)
 p - a +1 pair of gloves (worn)
 z - a +3 buckler (worn)
 B - +3 swamp dragon scales (worn)
Magical Staves
 a - a staff of conjuration (weapon)
 F - a staff of fire
Jewellery
 E - the ring of the Unicorn (left hand) {rElec Int+6}
   (You acquired it on level 6 of the Dungeon)

   [ring of intelligence]

   Int+6:     It affects your intelligence (+6).
   rElec:     It insulates you from electricity.
 K - a ring of resist corrosion
 L - a +6 ring of intelligence (right hand)
 M - an amulet of magic regeneration (around neck)
 P - a ring of poison resistance
Wands
 k - a wand of digging (21)
 n - a wand of flame (65)
 y - a wand of paralysis (11)
 I - a wand of iceblast (6)
Scrolls
 c - a scroll of torment
 g - 2 scrolls of identify
 h - 3 scrolls of immolation
 o - 7 scrolls of teleportation
 s - 4 scrolls of fear
 u - a scroll of brand weapon
 w - 5 scrolls of enchant weapon
 x - a scroll of silence
 D - 3 scrolls of noise
 N - a scroll of fog
 O - a scroll of revelation
 Q - 3 scrolls of vulnerability
 R - a scroll of blinking
Potions
 d - 4 potions of ambrosia
 f - 3 potions of brilliance
 j - a potion of cancellation
 r - 6 potions of curing
 t - 4 potions of heal wounds
 A - 6 potions of mutation
 G - 3 potions of lignification
 H - a potion of might
 J - 2 potions of haste
 T - 2 potions of resistance
 X - 3 potions of enlightenment
Miscellaneous
 m - a phantom mirror
 q - a sack of spiders


   Skills:
 - Level 10.0 Fighting
 - Level 14.5(15.2) Maces & Flails
 - Level 7.5(12.0) Staves
 - Level 10.0 Armour
 - Level 5.0 Dodging
 - Level 10.0 Shields
 - Level 13.9 Spellcasting
 + Level 12.9 Conjurations
 - Level 5.0 Translocations
 + Level 13.0 Fire Magic
 - Level 10.0 Evocations


You had 9 spell levels left.
You knew the following spells:

 Your Spells              Type           Power      Damage    Failure   Level
f - Fireball              Conj/Fire      49%        3d19      1%          5
i - Irradiate             Conj/Tmut      37%        3d24      2%          5
j - Arcjolt               Conj/Air       37%        1d47      2%          5
m - Iskenderun's Mystic   Conj/Tloc      84%        2d17      1%          4
o - Orb of Destruction    Conj           49%        9d13      5%          7
s - Sticky Flame          Conj/Fire      99%        2d11      1%          4
S - Starburst             Conj/Fire      49%        6d14      1%          6

Your spell library contained the following spells:

 Spells                   Type           Power      Damage    Failure   Level
 Conjure Ball Lightning   Conj/Air       37%        3x3d12    13%         6
 Freeze                   Ice            80%        1d9       1%          1
 Kiss of Death            Conj/Necr      100%       2d13      1%          1
 Sandblast                Erth           40%        2d10      1%          1
 Momentum Strike          Conj/Tloc      100%       3d10      1%          2
 Searing Ray              Conj           100%       2d8       1%          2
 Dazzling Flash           Conj/Hex       100%       N/A       1%          3
 Gell's Gravitas          Tloc           50%        N/A       1%          3
 Hailstorm                Conj/Ice       74%        3d15      1%          3
 Ignite Poison            Fire/Tmut/Pois 46%        N/A       1%          3
 Inner Flame              Hex/Fire       56%        N/A       1%          3
 Stone Arrow              Conj/Erth      100%       3d13      1%          3
 Teleport Other           Tloc           50%        N/A       1%          3
 Volatile Blastmotes      Fire/Tloc      100%       2d18      1%          3
 Brom's Barrelling Bould  Conj/Erth      74%        2d9       1%          4
 Summon Small Mammal      Summ           80%        N/A       4%          1
 Frozen Ramparts          Ice            40%        1d7       4%          3
 Passage of Golubria      Tloc           50%        N/A       6%          4
 Freezing Cloud           Conj/Ice/Air   31%        6-21      6%          5
 Cigotuvi's Dreadful Rot  Necr/Pois/Air  40%        N/A       7%          2
 Passwall                 Tmut/Erth      16%        N/A       7%          2
 Sublimation of Blood     Necr           20%        N/A       7%          2
 Wereblood                Tmut           20%        N/A       7%          2
 Call Canine Familiar     Summ           20%        N/A       14%         3
 Ozocubu's Armour         Ice            20%        N/A       14%         3
 Summon Guardian Golem    Hex/Summ       20%        N/A       14%         3
 Tukima's Dance           Hex            20%        N/A       14%         3
 Dimensional Bullseye     Hex/Tloc       17%        N/A       16%         4
 Yara's Violent Unravell  Hex/Tmut       10%        3d6       30%         5
 Petrify                  Tmut/Erth      20%        N/A       41%         4
 Spellforged Servitor     Conj/Summ      37%        N/A       54%         7
 Dispersal                Tloc           25%        N/A       65%         6
 Metabolic Englaciation   Hex/Ice        10%        N/A       77%         5
 Silence                  Hex/Air        10%        N/A       77%         5
 Lehudib's Crystal Spear  Conj/Erth      37%        10d9      99%         8
 Enfeeble                 Hex            10%        N/A       100%        7
 Malign Gateway           Summ/Tloc      17%        N/A       100%        7
 Ozocubu's Refrigeration  Ice            10%        4d9       100%        7
 Summon Hydra             Summ           10%        N/A       100%        7
 Maxwell's Capacitive Co  Air            10%        ∞         100%        8
 Summon Horrible Things   Summ           10%        N/A       100%        8


Dungeon Overview and Level Annotations

Branches:
Dungeon (14/15)            Temple (1/1) D:6            Lair (5/5) D:11
 Shoals (3/4) Lair:2       Spider (4/4) Lair:3        Slime (0/5) Lair:4
    Orc (2/2) D:11            Elf (0/3) Orc:2
 Vaults: D:13-14

Altars:
Ashenzari
Cheibriados
Dithmenos
Elyvilon
Fedhas
Gozag
Hepliaklqana
Kikubaaqudgha
Makhleb
Nemelex Xobeh
Okawaru
Qazlal
Ru
Sif Muna
Trog
Uskayaw
Vehumet
Wu Jian
Xom
Yredelemnul
Zin
The Shining One
Jiyva

Shops:
D:3 !?*   D:6 [   D:8 !   D:10 !*   D:12 (   Orc:2 *[(*

Annotations:
D:6 1 runed translucent door, exclusion: door, Swamplord's ghost, novice GrEE
D:14 Louise
Lair:4 1 runed translucent door
Shoals:3 Ilsuiw


Innate Abilities, Weirdness & Mutations

You have a somewhat thin skeletal structure. (Dex +2, Stealth+)
You occasionally lose the ability to read scrolls when taking damage.


Message History

* * * LOW HITPOINT WARNING * * *
Your lungs strain for air!
The pull of its song draws you forwards.
You enter the shallow water.
Moving in this stuff is going to be slow.
Ilsuiw casts a spell at you. The shard of ice misses you.
The faun shoots a sling bullet.
The sling bullet closely misses you.
The sling bullet hits the water elemental!!
The water elemental is destroyed!
The water engulfing you falls away.
You gasp with relief as air once again reaches your lungs.
The faun gestures at you while chanting.
Ilsuiw resists with almost no effort.
The centaur warrior shoots an arrow.
The arrow closely misses you.
The faun unwields a +0 spear.
The faun wields a +0 sling.
The faun shoots a sling bullet.
The sling bullet closely misses Ilsuiw.
The sling bullet hits you but does no damage.
The merfolk avatar chants its luring song.
The merfolk hits you from afar with a +0 trident!
* * * LOW HITPOINT WARNING * * *
The faun casts a spell at you. You resist with significant effort.
The faun shoots a sling bullet.
You block the sling bullet.
A manticore comes into view.
You block the skyshark's attack.
The skyshark tail-slaps you but does no damage.
The skyshark barely misses you.
Your Fire Magic skill increases to level 13!
You feel much better.
The centaur warrior shoots an arrow.
The arrow hits you!
* * * LOW HITPOINT WARNING * * *
Ilsuiw hits you but does no damage.
The faun shoots a sling bullet.
The sling bullet hits you!
* * * LOW HITPOINT WARNING * * *
The faun shoots a sling bullet.
The sling bullet misses Ilsuiw.
The sling bullet barely misses you.
The merfolk avatar chants its luring song.
The faun shoots a sling bullet.
The sling bullet misses Ilsuiw.
The sling bullet hits you.
You die...

.........~~≈≈≈~
.......~~~~~~PP
....^.~~~~~~PP
.....~~...... .,
#....~~..... ~..
#....~~.....
....#..m.~..c...
..~....[....#
..~~~.Hl@÷..#
~~~~~..~m~÷../..
~H~~..~)(~cc....
.)~.~~~÷~cc.)PP.
~~~~~~≈mc~~)~~..
≈≈≈≈≈≈≈≈≈~~~~~..
≈≈≈≈≈≈≈≈≈≈~~~~.P
≈≈≈≈≈≈≈≈≈≈~.....
~,


You could see Ilsuiw (invisible), a merfolk avatar (mesmerising), a skyshark, a
merfolk, a centaur warrior, 5 fauns and 2 manticores.

Vanquished Creatures
  Bai Suzhen (Spider:3)
  Nikola (Spider:4)
  A kraken (Shoals:1)
  Polyphemus (Shoals:2)
  Kirke (Lair:5)
  2 emperor scorpions
  3 orc warlords
  The ghost of Urontig the Protected, a journeyman AtMo of Yredelemnul (Lair:4)
  2 ghost moths (Spider:4)
  5 broodmothers
  The ghost of flestrin the Mimic, a journeyman TrSh (Lair:2)
  7 spark wasps
  Snorg (D:13)
  5 merfolk impalers
  An ettin (Orc:1)
  A spectral kraken (Shoals:1)
  6 entropy weavers
  3 catoblepae
  2 jorogumos
  2 ghost crabs (Shoals:1)
  3 radroaches
  3 merfolk aquamancers
  5 hydras
  3 merfolk avatars
  3 centaur warriors (Shoals:1)
  6 boulder beetles
  6 two-headed ogres
  2 satyrs
  A deep troll shaman (Lair:5)
  15 death yaks
  2 demonic crawlers
  3 orc high priests
  Sonja (D:11)
  4 sun moths
  9 skysharks
  5 skeletal warriors (D:13)
  A spectral merfolk (Shoals:1)
  3 pharaoh ants
  10 orb spiders
  3 sea snakes
  A deep elf pyromancer (D:12)
  4 orc knights
  6 steelbarb worms
  21 wolf spiders
  11 manticores
  3 oklob plants (Lair:2)
  8 harpies (Shoals:2)
  10 fauns
  A spectral boulder beetle (Lair:4)
  7 merfolk sirens
  7 elephants (Lair:5)
  6 moths of wrath
  3 cyclopes
  4 black mambas
  Maurice (D:9)
  4 water nymphs
  4 torpor snails
  Maggie (D:7)
  2 spectral sea snakes (Shoals:1)
  5 cane toads
  Psyche (D:12)
  7 komodo dragons
  5 unseen horror zombies (D:9)
  2 kobold demonologists (D:11)
  3 rime drakes
  2 spectral water nymphs (Shoals:1)
  9 trolls
  11 meliai
  A hornet (D:9)
  6 wind drakes
  3 polar bears
  22 merfolk
  18 tarantellas
  4 snapping turtles
  14 blink frogs
  A glass eye (Lair:2)
  4 dream sheep (Shoals:1)
  4 slime creatures (D:13)
  A spectral black mamba (Lair:4)
  26 jumping spiders
  20 culicivoras
  A shadow (D:11)
  11 water elementals
  2 wraiths
  4 hogs (Lair:5)
  5 basilisks
  24 yaks
  A steam dragon (D:8)
  41 redbacks
  4 vampire mosquitoes (D:12)
  8 water moccasins
  2 acid dragons
  A spectral snapping turtle (Shoals:1)
  4 wargs
  A hydra simulacrum (Lair:4)
  44 orc warriors
  2 sky beasts (D:6)
  An ice beast (D:6)
  2 black bears
  A black mamba simulacrum (Lair:4)
  4 ogres
  21 wolves
  2 centaurs
  5 kobold brigands
  Blork the orc (D:5)
  14 bullfrogs
  5 gnoll sergeants
  3 scorpions
  A cane toad simulacrum (Lair:4)
  7 wights
  11 killer bees
  A howler monkey (D:10)
  A centaur zombie (D:9)
  Crazy Yiuf (D:6)
  3 jellies
  2 gnoll boudas
  A komodo dragon simulacrum (Lair:4)
  26 orc priests
  7 hounds
  A sleepcap (D:5)
  Ijyb (D:5)
  7 iguanas
  42 orc wizards
  2 hell rats (Lair:4)
  2 howler monkey zombies (D:9)
  28 gnolls
  Robin (D:4)
  9 river rats (Lair:4)
  5 adders
  2 shadow imps
  4 white imps
  2 ufetubi (D:6)
  2 worms
  A dart slug (D:5)
  117 orcs
  5 bats
  2 endoplasms
  3 giant cockroaches
  15 goblins
  9 hobgoblins
  4 jackals (D:3)
  4 quokkas
  11 ball pythons
  3 frilled lizards
  22 kobolds
  9 rats
  3 tentacles (Shoals:1)
999 creatures vanquished.

Vanquished Creatures (collateral kills)
  A broodmother (Spider:3)
  A demonic crawler (Spider:2)
  A wolf spider (Spider:3)
  A hog (Lair:5)
4 creatures vanquished.

Vanquished Creatures (others)
  A water elemental (Shoals:3)
  A kobold brigand (D:11)
  9 tentacles (Shoals:1)
11 creatures vanquished.

Grand Total: 1014 creatures vanquished

Notes
Turn   | Place    | Note
-------+----------+-------------------------------------------
     0 | D:1      | Armakuni the Human Reaver began the quest for the Orb.
     0 | D:1      | Reached XP level 1. HP: 16/16 MP: 3/3
   124 | D:1      | Reached XP level 2. HP: 15/22 MP: 3/5
   350 | D:1      | Reached XP level 3. HP: 25/27 MP: 6/6
  1424 | D:3      | Found a faded altar of an unknown god.
  1502 | D:3      | Found Qidim's General Store.
  1513 | D:3      | Bought a potion of attraction for 33 gold pieces
  1529 | D:3      | Reached XP level 4. HP: 22/33 MP: 5/7
  1587 | D:3      | Reached skill level 4 in Maces & Flails
  1668 | D:3      | Gained mutation: You occasionally lose the ability to read
                  | scrolls when taking damage. [potion of mutation]
  1668 | D:3      | Gained mutation: You have a somewhat thin skeletal
                  | structure. (Dex +2, Stealth+) [potion of mutation]
  1672 | D:3      | Reached XP level 5. HP: 7/38 MP: 2/8
  1674 | D:3      | Found Owoohue's Distillery.
  1890 | D:3      | Found Hivoat's Magic Scroll Emporium.
  1964 | D:3      | Reached skill level 5 in Maces & Flails
  2220 | D:4      | Identified the +5 scale mail "Dyihoosh" {Slay+5}
  2227 | D:4      | Reached XP level 6. HP: 32/44 MP: 5/9
  2255 | D:4      | Reached skill level 6 in Maces & Flails
  2478 | D:4      | Noticed Robin
  2498 | D:4      | Killed Robin
  2691 | D:4      | Found a glowing silver altar of Zin.
  2938 | D:5      | Entered Level 5 of the Dungeon
  2942 | D:5      | Noticed Ijyb
  2948 | D:5      | Reached XP level 7. HP: 43/54 MP: 10/10
  2955 | D:5      | Killed Ijyb
  3025 | D:5      | Reached skill level 1 in Evocations
  3245 | D:5      | Reached skill level 5 in Fighting
  3268 | D:5      | Found a blossoming altar of Fedhas.
  3359 | D:5      | Reached XP level 8. HP: 63/63 MP: 11/11
  3555 | D:6      | Found a runed translucent door.
  3555 | D:6      | Found a shimmering altar of Xom.
  3555 | D:6      | Noticed Swamplord's ghost (novice GrEE)
  3555 | D:6      | Noticed a +0 flail of chaos
  3577 | D:6      | Identified the ring "Fies" {*Corrode rPois EV+5 Dex+4}
  3636 | D:6      | Found a staircase to the Ecumenical Temple.
  3658 | D:6      | Found Ystan's Armour Emporium.
  3703 | Temple   | Entered the Ecumenical Temple
  3726 | Temple   | Became a worshipper of Vehumet
  3781 | D:6      | Reached skill level 1 in Shields
  4243 | D:6      | Reached * piety under Vehumet
  4243 | D:6      | Offered knowledge of Shock by Vehumet.
  4255 | D:6      | Learned a level 4 spell: Iskenderun's Mystic Blast
  4362 | D:6      | Identified a scroll of acquirement
  4365 | D:6      | Acquired the ring of the Unicorn {rElec Int+6}
  4392 | D:6      | Found a white marble altar of Elyvilon.
  4405 | D:6      | Reached skill level 5 in Evocations
  4433 | D:6      | Found a runed translucent door.
  4434 | D:6      | Noticed Crazy Yiuf
  4486 | D:5      | Found a glowing golden altar of the Shining One.
  4509 | D:5      | Noticed Blork the orc
  4517 | D:5      | Killed Blork the orc
  4518 | D:5      | Reached XP level 9. HP: 68/68 MP: 12/12
  4593 | D:6      | Killed Crazy Yiuf
  4970 | D:6      | Reached skill level 5 in Shields
  5138 | D:7      | Reached skill level 1 in Translocations
  5259 | D:7      | Reached skill level 1 in Armour
  5762 | D:7      | Noticed Maggie
  5778 | D:7      | Killed Maggie
  5930 | D:7      | Reached skill level 5 in Conjurations
  6091 | D:8      | Offered knowledge of Searing Ray by Vehumet.
  6096 | D:8      | Reached ** piety under Vehumet
  6138 | D:8      | Learned a level 2 spell: Searing Ray
  6352 | D:8      | Reached XP level 10. HP: 60/71 MP: 15/15
  6590 | D:8      | Found Gevoh's Distillery.
  6631 | D:8      | Bought a potion of lignification for 36 gold pieces
  6708 | D:9      | Noticed Maurice
  6719 | D:9      | Paralysed by something for 4 turns
  6722 | D:9      | Killed Maurice
  6966 | D:9      | Offered knowledge of Static Discharge by Vehumet.
  7053 | D:9      | Reached skill level 5 in Spellcasting
  7083 | D:9      | Reached skill level 5 in Armour
  7083 | D:9      | Reached skill level 5 in Translocations
  7237 | D:9      | Reached *** piety under Vehumet
  7458 | D:8      | Reached XP level 11. HP: 69/80 MP: 18/18
  7731 | D:9      | Offered knowledge of Sticky Flame by Vehumet.
  7732 | D:9      | Reached skill level 10 in Conjurations
  7860 | D:9      | Found an iron altar of Okawaru.
  8156 | D:9      | Learned a level 4 spell: Sticky Flame
  8250 | D:9      | Reached skill level 1 in Fire Magic
  8572 | D:10     | Entered Level 10 of the Dungeon
  8572 | D:10     | Found Mblouwes's Merry Market.
  8616 | D:10     | Noticed a two-headed ogre
  8625 | D:10     | Killed a two-headed ogre
  8731 | D:10     | Reached **** piety under Vehumet
  8738 | D:10     | Offered knowledge of Iskenderun's Battlesphere by Vehumet.
  8917 | D:10     | Found a snail-covered altar of Cheibriados.
  9222 | D:10     | Found Zirici's Distillery.
  9230 | D:10     | Bought a potion of heal wounds for 65 gold pieces
  9230 | D:10     | Bought a potion of heal wounds for 65 gold pieces
  9322 | D:10     | Found a sparkling altar of Nemelex Xobeh.
  9353 | D:10     | Found a stormy altar of Qazlal.
  9447 | D:10     | Noticed a two-headed ogre
  9454 | D:10     | Killed a two-headed ogre
  9603 | D:11     | Reached XP level 12. HP: 38/86 MP: 15/21
  9871 | D:11     | Reached ***** piety under Vehumet
  9871 | D:11     | Offered knowledge of Eringya's Noxious Bog by Vehumet.
 10053 | D:11     | Found a staircase to the Orcish Mines.
 10080 | D:11     | Noticed Sonja
 10091 | D:11     | Killed Sonja
 10155 | D:11     | Found a radiant altar of Vehumet.
 10429 | D:11     | Found a staircase to the Lair.
 10579 | D:11     | You fall into a shaft and drop 2 floors!
 10913 | D:15     | Identified the of Wiagge
 10913 | Lair:1   | Entered Level 1 of the Lair of Beasts
 10914 | Lair:1   | Upgraded the game from 0.31-a0-978-g1e143483b6 to
                  | 0.31-a0-981-geadf994542
 11777 | Lair:1   | Noticed a boulder beetle
 11794 | Lair:1   | Killed a boulder beetle
 12179 | Lair:2   | Noticed a five-headed hydra
 12179 | Lair:2   | Noticed a six-headed hydra
 12215 | Lair:2   | Found a staircase to the Shoals.
 12242 | Lair:2   | HP: 2/86 [merfolk/+0 trident (3)]
 12504 | Lair:2   | Noticed flestrin's ghost (journeyman TrSh)
 12522 | Lair:2   | Found a transporter.
 12522 | Lair:2   | Noticed a five-headed hydra
 12547 | Lair:2   | Noticed a death yak
 13348 | Lair:2   | Found a transporter.
 13379 | Lair:2   | Noticed a catoblepas
 13392 | Lair:2   | Killed a catoblepas
 13393 | Lair:2   | Reached XP level 13. HP: 64/92 MP: 26/26
 13432 | Lair:3   | Reached skill level 10 in Armour
 13648 | Lair:3   | Reached skill level 10 in Spellcasting
 14181 | Lair:3   | Found a hole to the Spider Nest.
 14312 | Lair:3   | Reached skill level 5 in Dodging
 15206 | Lair:4   | Found a runed translucent door.
 15207 | Lair:4   | Found a viscous altar of Jiyva.
 15208 | Lair:4   | Noticed an acid blob
 15208 | Lair:4   | Noticed an acid blob
 15209 | Lair:4   | Found a staircase to the Slime Pits.
 15416 | Lair:4   | Found a runed translucent gate.
 15417 | Lair:4   | Found a runed translucent gate.
 15418 | Lair:4   | Found a runed translucent gate.
 15422 | Lair:4   | Noticed Urontig's ghost (journeyman AtMo)
 15777 | Lair:4   | Noticed a five-headed hydra
 15787 | Lair:4   | Killed a five-headed hydra
 16395 | Lair:4   | Offered knowledge of Fireball by Vehumet.
 16396 | Lair:4   | Reached skill level 10 in Fighting
 16396 | Lair:4   | Reached XP level 14. HP: 93/107 MP: 16/28
 16431 | Lair:4   | Killed Urontig's ghost
 16442 | Lair:4   | Reached skill level 5 in Fire Magic
 16482 | Lair:4   | Learned a level 5 spell: Fireball
 16667 | Lair:5   | Entered Level 5 of the Lair of Beasts
 17580 | Lair:5   | Upgraded the game from 0.31-a0-981-geadf994542 to
                  | 0.31-a0-983-g7b6862f502
 17913 | Lair:5   | Found the +5 robe of Night {Dark Will+ SInv}
 18275 | Lair:5   | Noticed Kirke
 18295 | Lair:5   | Killed Kirke
 18589 | D:12     | Reached skill level 10 in Fire Magic
 19249 | D:12     | Found Mafaatz's Antique Weapon Boutique.
 19564 | D:12     | Noticed Psyche
 19567 | D:12     | Killed Psyche
 20019 | D:13     | Noticed Snorg
 20026 | D:13     | Killed Snorg
 20321 | D:13     | Reached XP level 15. HP: 80/115 MP: 29/29
 20804 | D:14     | Noticed Louise
 20823 | D:13     | Upgraded the game from 0.31-a0-983-g7b6862f502 to
                  | 0.31-a0-986-g5e6e4ef867
 20884 | Orc:1    | Entered Level 1 of the Orcish Mines
 21262 | Orc:2    | Entered Level 2 of the Orcish Mines
 21262 | Orc:2    | Noticed an orc warlord
 21268 | Orc:2    | Killed an orc warlord
 21678 | Orc:2    | Found a staircase to the Elven Halls.
 21866 | Orc:1    | Found a transporter.
 21877 | Orc:1    | Reached skill level 10 in Shields
 21918 | Orc:1    | HP: 5/115 [orc priest/divine providence (10)]
 22308 | Orc:1    | Found a transporter.
 22309 | Orc:1    | Noticed an orc warlord
 22536 | Orc:1    | Offered knowledge of Plasma Beam by Vehumet.
 22645 | Orc:1    | Killed an orc warlord
 22987 | Orc:2    | Found Seshew's Assorted Antiques.
 22999 | Orc:2    | Bought a scroll of blinking for 217 gold pieces
 22999 | Orc:2    | Bought a wand of digging (5) for 609 gold pieces
 23415 | Orc:2    | Found Cyckiu's Assorted Antiques.
 23420 | Orc:2    | Bought a scroll labelled ZESCHI MYPAO for 33 gold pieces
 23677 | Orc:2    | Noticed an orc warlord
 23693 | Orc:2    | Killed an orc warlord
 23810 | Orc:2    | Found Faiw's Antique Weapon Shop.
 23812 | Orc:2    | Found Vuen's Antique Armour Boutique.
 23825 | Orc:2    | Bought a heavily runed scale mail for 297 gold pieces
 23825 | Orc:2    | Identified the +0 scale mail of a sewer {Dex+3} (You bought
                  | it in a shop on level 2 of the Orcish Mines)
 24059 | Spider:1 | Entered Level 1 of the Spider Nest
 24112 | Spider:1 | Offered knowledge of Lee's Rapid Deconstruction by Vehumet.
 24436 | Spider:1 | Noticed a broodmother
 24444 | Spider:1 | Killed a broodmother
 25063 | Spider:1 | Noticed a broodmother
 25077 | Spider:1 | Killed a broodmother
 25078 | Spider:1 | Reached skill level 10 in Evocations
 25124 | Spider:1 | Learned a level 6 spell: Starburst
 25569 | Spider:2 | Noticed an emperor scorpion
 25584 | Spider:2 | Killed an emperor scorpion
 25585 | Spider:2 | Reached XP level 16. HP: 49/122 MP: 9/30
 26739 | D:10     | Bought a manual of Maces & Flails for 800 gold pieces
 27057 | Spider:2 | Learned a level 3 spell: Volatile Blastmotes
 27294 | Spider:3 | Reached skill level 7 in Maces & Flails
 27425 | Spider:3 | Reached skill level 8 in Maces & Flails
 27438 | Spider:3 | Noticed Bai Suzhen
 27440 | Spider:3 | Reached skill level 9 in Maces & Flails
 27753 | Spider:2 | Reached skill level 10 in Maces & Flails
 27877 | Spider:3 | Reached skill level 11 in Maces & Flails
 28102 | Spider:3 | Reached skill level 12 in Maces & Flails
 28129 | Spider:3 | Reached ****** piety under Vehumet
 28276 | Spider:3 | Reached skill level 13 in Maces & Flails
 28289 | Spider:3 | Offered knowledge of Spellforged Servitor by Vehumet.
 28561 | Spider:3 | Identified the +10 falchion of Qazlal's Hope {speed, rF-
                  | Will++ Int+4 Dex-5}
 28965 | Spider:3 | Reached skill level 14 in Maces & Flails
 29095 | Spider:3 | Learned a level 5 spell: Irradiate
 29103 | Spider:3 | Learned a level 7 spell: Orb of Destruction
 29166 | Spider:3 | Killed Bai Suzhen
 29167 | Spider:3 | Reached XP level 17. HP: 34/128 MP: 25/31
 29492 | Spider:4 | Entered Level 4 of the Spider Nest
 29543 | Spider:4 | Noticed Nikola
 29550 | Spider:4 | Killed Nikola
 30005 | Spider:4 | Reached skill level 5 in Staves
 31577 | Spider:4 | Offered knowledge of Arcjolt by Vehumet.
 31644 | Spider:4 | Learned a level 5 spell: Arcjolt
 31782 | Spider:4 | Got a gossamer rune of Zot
 31983 | Shoals:1 | Entered Level 1 of the Shoals
 32058 | Lair:2   | Killed flestrin's ghost
 32326 | Lair:2   | Reached XP level 18. HP: 117/134 MP: 16/33
 33562 | Shoals:1 | Noticed a kraken
 33566 | Shoals:1 | Killed a kraken
 33754 | Shoals:2 | Reached XP level 19. HP: 140/140 MP: 36/36
 33773 | Shoals:2 | Noticed Polyphemus
 33788 | Shoals:2 | Killed Polyphemus
 33825 | Shoals:2 | Offered knowledge of Conjure Ball Lightning by Vehumet.
 34324 | Shoals:2 | Identified the of Biytz (You acquired it on level 2 of the
                  | Shoals)
 34324 | Shoals:2 | Acquired 511 gold pieces
 35228 | Shoals:3 | Noticed Ilsuiw
 35447 | Shoals:3 | HP: 3/140 [faun/sling bullet (6)]
 35449 | Shoals:3 | Shot with a sling bullet by a faun

Illustrated notes

Levels and vault maps discovered:
D:1:      saegor_arrival_simple_a, layout_basic
D:2:      layout_loops_ring
D:3:      layout_basic, nicolae_ecumenical_lake_church, serial_shops,
          nicolae_shop_rolled_up, nicolae_shop_advertising_works
          [nicolae_subvault_shop_adworks], shop, nrook_uturn,
          minmay_three_crescents
D:4:      layout_basic, nicolae_overflow_crystal_walls, bh_walls_and_bars,
          uniq_robin
D:5:      layout_cave_pools, lemuel_crystal_altar, nicolae_tso_carved_into_rock,
          kennysheep_decorative_pillar, hellmonk_no_cap, uniq_blork_the_orc,
          uniq_ijyb
D:6:      layout_basic, mainiacjoe_overflow_surrounded_room,
          minmay_temple_entry_sparse_star, serial_shops, shop,
          ebering_ghost_xom, uniq_crazy_yiuf_cottage
D:7:      layout_basic, nrook_campfire, uniq_maggie
D:8:      layout_rooms, serial_shops, nicolae_shop_window_shopping
D:9:      layout_roguey, mainiacjoe_overflow_catwalk, serial_undead,
          serial_undead_f, serial_undead_f, serial_undead_d, serial_undead_e,
          serial_undead_c, uniq_maurice
D:10:     layout_roguey, mainiacjoe_overflow_two_lobes, cheibrodos_worm_habitat,
          serial_shops, nicolae_shop_peninsula, nicolae_alphabet_shops
D:11:     layout_loops_ring, lair_entry_dummy, erik_orc_3,
          nicolae_vehumet_altar_sigil, uniq_sonja
D:12:     kennysheep_ambush_hall, layout_loops_ring, serial_shops, shop,
          uniq_psyche
D:13:     layout_irregular_city, uniq_snorg
D:14:     layout_cave_pools, david_vaults_5, patterned_corridor,
          gammafunk_ghost_crypt, uniq_louise
Temple:   nicolae_temple_superstar
Lair:1:   layout_regular_city, st_stairs_7, nzn_sisyphean_effort,
          grunt_megastairs_1, serial_bayou_shore_a, lemuel_fruit_fields
Lair:2:   layout_long_grid, elwin_shoals_entry_stream, gammafunk_ghost_arena,
          disabler_island
Lair:3:   layout_chaotic_city, hellmonk_spider_entry_life_and_decay,
          bh_autumn_forest_stairs, beast_lair_carwin_9
Lair:4:   layout_regular_city, slime_entry_2, gammafunk_ghost_necromancy,
          kennysheep_rathole
Lair:5:   grunt_lair_end_beastmaster, layout_small_grid, serial_bayou_shore_b,
          uniq_kirke
Shoals:1: layout_shoals, nicolae_shoals_spectral_cove
Shoals:2: layout_shoals, uniq_polyphemus
Shoals:3: cheibrodos_shoals_gigantism, layout_shoals, uniq_ilsuiw
Spider:1: layout_spider_delve, nicolae_spider_claw_tunnel
Spider:2: layout_spider_delve
Spider:3: nicolae_spider_brood_tunnel, nicolae_spider_bug_shape, uniq_bai_suzhen
Spider:4: grunt_spider_rune_parallel, uniq_nikola
Orc:1:    gammafunk_beogh_shrine, layout_diamond_mine
Orc:2:    grunt_orc_community_town_hall, layout_diamond_mine,
          grunt_orc_community_big_house_2, grunt_orc_community_big_house_2,
          grunt_orc_community_house_2, grunt_orc_community_house_2,
          grunt_orc_community_house_2, grunt_orc_community_house_3,
          grunt_orc_community_house_2

Skill      XL: |  1  2  3  4  5  6  7  8  9 10 11 12 13 14 15 16 17 18 19 |
---------------+----------------------------------------------------------+-----
Maces & Flails | 4 5 6 14 | 14.5
Fighting       | 4 5 10 | 10.0
Evocations     | 3 5 10 | 10.0
Shields        | 4 5 7 10 | 10.0
Conjurations   | 5 8 10 11 12 | 12.9
Translocations | 3 5 |  5.0
Armour         | 3 5 6 9 10 | 10.0
Spellcasting   | 3 5 6 9 10 11 13 | 13.9
Fire Magic     | 4 10 11 13 | 13.0
Dodging        | 5 |  5.0
Staves         | 7 |  7.5

Action                     |  1- 3 |  4- 6 |  7- 9 | 10-12 | 13-15 | 16-18 | 19-21 || total
---------------------------+-------+-------+-------+-------+-------+-------+-------++-------
  Melee: Mace              |   117 |   160 |   322 |   557 |   477 |       |       ||  1633
         Punch             |       |     2 |     2 |       |       |       |       ||     4
         Unarmed           |       |       |       |       |     4 |       |       ||     4
         Flail             |       |       |       |       |   130 |    35 |       ||   165
         Staff             |       |       |       |       |       |   168 |    23 ||   191
   Cast: Kiss of Death     |     1 |       |       |       |       |       |       ||     1
         Sticky Flame      |       |       |       |    34 |   142 |   105 |     8 ||   289
         Iskenderun's Myst |       |       |       |     6 |   115 |   125 |    20 ||   266
         Searing Ray       |       |       |       |     5 |    12 |       |       ||    17
         Fireball          |       |       |       |       |    70 |   176 |    50 ||   296
         Volatile Blastmot |       |       |       |       |       |     5 |       ||     5
         Orb of Destructio |       |       |       |       |       |    10 |       ||    10
         Starburst         |       |       |       |       |       |       |     8 ||     8
  Evoke: Wand              |       |       |     6 |    15 |    16 |    10 |       ||    47
         Sack of spiders   |       |       |       |       |     2 |     3 |       ||     5
         Phantom mirror    |       |       |       |       |       |     1 |       ||     1
    Use: Scroll            |     3 |     3 |     6 |    11 |    12 |     8 |     2 ||    45
         Potion            |       |     5 |       |     3 |     5 |     4 |     2 ||    19
   Stab: Sleeping          |       |     1 |       |       |     2 |       |       ||     3
         Invisible         |       |       |       |     5 |       |       |       ||     5
         Paralysed         |       |       |       |     4 |       |     4 |       ||     8
         Distracted        |       |       |       |     1 |     1 |     1 |       ||     3
         Held in net/web   |       |       |       |       |     1 |       |       ||     1
 Armour: Leather armour    |    80 |    43 |       |       |       |       |       ||   123
         Scale mail        |       |    23 |   193 |   475 |   194 |       |       ||   885
         Swamp dragon scal |       |       |       |       |   512 |   414 |   115 ||  1041
  Dodge: Dodged            |    78 |   119 |   196 |   206 |   394 |   212 |    60 ||  1265
  Block: Buckler           |       |       |   126 |   426 |   501 |   180 |    47 ||  1280
         Reflection        |       |       |     4 |    12 |       |       |       ||    16

Table legend: (Time is in decaauts)
 A = Elapsed time spent in this place.
 B = Non-inter-level travel time spent in this place.
 C = Inter-level travel time spent in this place.
 D = Time resting spent in this place.
 E = Time spent auto-exploring this place.
 F = Levels seen in this place.
 G = Mean time per level.
                   A        B        C        D        E       F      G
               +--------+--------+--------+--------+--------+-----+--------+
         Total |  35971 |  33955 |   2016 |   8396 |  17741 |  29 | 1240.4 |
       Dungeon |  13680 |  12865 |    815 |   1031 |   8758 |  14 |  977.1 |
        Temple |     36 |     24 |     12 |      0 |      0 |   1 |   36.0 |
          Lair |   8609 |   7937 |    672 |   2012 |   4313 |   5 | 1721.8 |
        Shoals |   3200 |   3126 |     74 |   1053 |   1476 |   3 | 1066.7 |
   Spider Nest |   7312 |   7025 |    287 |   3310 |   2030 |   4 | 1828.0 |
  Orcish Mines |   3131 |   2977 |    154 |    990 |   1163 |   2 | 1565.5 |
               +--------+--------+--------+--------+--------+-----+--------+

Top non-repeatable levels by time:
Spider:2: 2252 daAuts
  Lair:3: 1986 daAuts
Spider:4: 1941 daAuts
  Lair:2: 1924 daAuts
Shoals:2: 1817 daAuts
Spider:3: 1801 daAuts
  Lair:5: 1715 daAuts
   Orc:2: 1599 daAuts
  Lair:4: 1577 daAuts
     D:9: 1546 daAuts
    D:11: 1538 daAuts
   Orc:1: 1532 daAuts
    D:12: 1453 daAuts
  Lair:1: 1405 daAuts
Shoals:1: 1348 daAuts
